AoeStats
← Tonny

Oasis

509427279Analyzed
4v4 RM · 6d ago on Sep 26, 2026· 82m 38s· 8 players
Game mode
Random Map
Map size
Large (8 player)
Population
200
Speed
Normal
Resources
Standard
Victory
Conquest
Starting age
Dark Age
Ending age
Imperial Age
RankedLock teamsTeams togetherTeam positionsShared explorationLock speedFull tech treeHidden civsTurbo modeCheats
Victory
Defeat
🇷🇺 Jurchens · Russia
748
+15
🇷🇺 Britons · Russia
721
+16
🇷🇺 Goths · Russia
711
+16
🇷🇺 Turks · Russia
688
+17
🇬🇧 Bulgarians · United Kingdom
733
-16
🇹🇷 Turks · Türkiye
713
-16
🇲🇽 Khmer · Mexico
711
-16
🇫🇷 Italians · France
710
-16
inquicidor123
0:39 Loom
17:37 Feudal Age
21:06 Castle Age
19:37 Double-Bit Axe
19:16 Man-at-Arms
20:22 Horse Collar
20:38 Fletching
20:49 Padded Archer Armor
20:39 Arson
24:11 Bow Saw
29:01 Long Swordsman
30:00 Scale Mail Armor
30:11 Forging
30:18 Gold Mining
30:28 Stone Mining
32:47 Scale Barding Armor
32:32 Light Cavalry
34:18 Chain Barding Armor
34:37 Pikeman
35:24 Tusk Swords
38:39 Bloodlines
39:11 Chain Mail Armor
38:53 Bodkin Arrow
39:14 Leather Archer Armor
43:14 Imperial Age
42:04 Ballistics
45:34 Chemistry
44:22 Halberdier
46:14 Heavy Scorpion
51:10 Capped Ram
53:06 Wheelbarrow
52:18 Town Watch
51:59 Elite Ballista Elephant
54:53 Double Crossbow
71:06 Caravan
SosoAllstar
11:10 Feudal Age
11:47 Double-Bit Axe
11:45 Horse Collar
15:16 Loom
16:12 Wheelbarrow
17:22 Stone Mining
21:25 Castle Age
20:56 Fletching
21:13 Gold Mining
24:00 Bow Saw
24:35 Hand Cart
25:52 Thumb Ring
27:44 Crossbowman
29:51 Ballistics
32:47 Imperial Age
30:20 Bodkin Arrow
30:25 Padded Archer Armor
33:32 Leather Archer Armor
33:33 Masonry
33:04 Treadmill Crane
34:12 Bracer
35:35 Arbalester
36:55 Hoardings
37:29 Caravan
40:06 Ring Archer Armor
40:38 Chemistry
40:37 Pirotechnia
40:52 Conscription
40:32 Elite Skirmisher
54:06 Two-Man Saw
53:08 Heavy Plow
54:00 Architecture
56:27 Elite Genoese Crossbowman
59:11 Squires
59:24 Forging
59:15 Scale Mail Armor
Toffzter
0:28 Loom
13:51 Feudal Age
15:39 Wheelbarrow
14:50 Town Watch
14:48 Horse Collar
14:57 Double-Bit Axe
22:12 Castle Age
21:28 Stone Mining
21:28 Gold Mining
21:54 Bloodlines
22:33 Forging
22:13 Fletching
22:24 Padded Archer Armor
22:24 Scale Mail Armor
22:29 Scale Barding Armor
22:12 Arson
25:33 Hand Cart
25:18 Town Patrol
25:32 Bow Saw
25:40 Heavy Plow
27:18 Squires
27:04 Gambesons
26:40 Pikeman
31:32 Stirrups
35:25 Bodkin Arrow
39:25 Husbandry
40:13 Iron Casting
39:59 Chain Barding Armor
40:27 Stone Shaft Mining
40:27 Gold Shaft Mining
Dmitry Petrovich
18:09 Loom
19:55 Feudal Age
22:46 Horse Collar
23:02 Stone Mining
23:04 Gold Mining
23:03 Double-Bit Axe
24:43 Wheelbarrow
25:05 Fletching
25:15 Padded Archer Armor
25:26 Forging
25:16 Scale Mail Armor
25:22 Scale Barding Armor
27:21 Castle Age
25:57 Wheelbarrow
25:08 Town Watch
26:43 Bloodlines
28:29 Husbandry
28:36 Caravan
29:07 Coinage
29:44 Bodkin Arrow
33:19 Hand Cart
33:04 Town Patrol
33:46 Bow Saw
34:14 Gold Shaft Mining
36:33 Murder Holes
36:49 Fortified Wall
37:00 Ballistics
36:50 Masonry
36:21 Treadmill Crane
39:37 Imperial Age
41:08 Bracer
41:24 Leather Archer Armor
41:24 Elite Janissary
42:44 Banking
42:24 Guilds
66:56 Architecture
72:43 Redemption
72:34 Atonement
72:44 Fervor
72:55 Sanctity
72:36 Devotion
73:11 Theocracy
72:57 Heresy
72:25 Arrowslits
72:32 Heated Shot
SAM[OGB]
0:30 Loom
12:34 Feudal Age
14:05 Double-Bit Axe
14:03 Horse Collar
20:03 Stone Mining
20:53 Wheelbarrow
25:57 Castle Age
26:49 Heavy Plow
30:49 Hand Cart
30:28 Town Watch
31:03 Fletching
31:52 Anarchy
32:02 Town Patrol
33:33 Ballistics
35:44 Murder Holes
36:42 Squires
36:59 Masonry
36:48 Bodkin Arrow
37:56 Pikeman
44:03 Treadmill Crane
45:00 Caravan
48:38 Imperial Age
46:16 Padded Archer Armor
46:55 Man-at-Arms
52:10 Conscription
51:16 Halberdier
52:19 Scale Mail Armor
53:34 Perfusion
53:25 Elite Skirmisher
55:34 Chemistry
54:43 Bracer
60:54 Elite Huskarl
62:25 Leather Archer Armor
64:41 Onager
67:41 Forging
68:39 Architecture
70:03 Iron Casting
76:04 Blast Furnace
75:55 Chain Mail Armor
76:11 Ring Archer Armor
82:13 Coinage
83:20 Scale Barding Armor
Hello, this is scout!
7:47 Loom
12:27 Feudal Age
12:51 Horse Collar
12:59 Double-Bit Axe
13:23 Stone Mining
14:13 Wheelbarrow
21:20 Castle Age
20:52 Gold Mining
31:19 Yeomen
34:49 Imperial Age
33:26 Murder Holes
33:43 Masonry
33:57 Ballistics
33:21 Treadmill Crane
36:35 Chemistry
36:07 Architecture
37:26 Gold Shaft Mining
38:22 Conscription
39:31 Siege Engineers
42:35 Elite Longbowman
45:55 Warwolf
46:30 Padded Archer Armor
46:21 Fletching
51:31 Leather Archer Armor
51:11 Bodkin Arrow
53:23 Crossbowman
54:27 Bracer
54:58 Ring Archer Armor
62:20 Arrowslits
Tonny
7:29 Loom
9:59 Feudal Age
8:18 Loom
10:26 Double-Bit Axe
10:51 Horse Collar
15:29 Wheelbarrow
20:06 Castle Age
18:04 Gold Mining
19:46 Bloodlines
19:28 Stone Mining
20:07 Scale Barding Armor
20:14 Forging
21:16 Bow Saw
21:58 Gold Shaft Mining
21:40 Town Watch
22:36 Heavy Plow
25:01 Stone Shaft Mining
25:45 Husbandry
26:55 Chain Barding Armor
27:15 Caravan
27:55 Fervor
30:13 Hand Cart
38:38 Imperial Age
37:11 Treadmill Crane
37:43 Masonry
38:49 Elite Steppe Lancer
41:06 Two-Man Saw
41:32 Conscription
42:21 Plate Barding Armor
42:45 Iron Casting
42:11 Guard Tower
47:20 Blast Furnace
47:40 Thunderclap Bombs
48:23 Siege Engineers
50:00 Architecture
63:15 Elite Iron Pagoda
GoDzilych
10:30 Loom
13:12 Feudal Age
14:26 Double-Bit Axe
14:24 Horse Collar
24:10 Castle Age
22:13 Gold Mining
26:08 Bow Saw
26:03 Heavy Plow
26:07 Fletching
27:19 Wheelbarrow
30:20 Forging
30:56 Bodkin Arrow
32:51 Squires
32:57 Scale Mail Armor
40:26 Imperial Age
37:58 Treadmill Crane
38:14 Murder Holes
38:29 Fortified Wall
41:07 Masonry
41:18 Ballistics
43:17 Bracer
43:53 Iron Casting
43:24 Stone Mining
44:13 Gold Shaft Mining
45:07 Architecture
44:58 Bloodlines
44:50 Husbandry
45:55 Hoardings
44:51 Sappers
45:42 Conscription
47:35 Two-Man Saw
48:20 Blast Furnace
54:53 Scale Barding Armor
54:48 Padded Archer Armor
56:09 Hand Cart
55:39 Town Watch
58:11 Artillery
58:31 Sipahi
63:56 Chain Barding Armor
67:08 Coinage
72:49 Plate Barding Armor
72:29 Chain Mail Armor
72:29 Leather Archer Armor
80:31 Elite Janissary
83:46 Ring Archer Armor
83:46 Plate Mail Armor
Connection lost

Rejoining the realm…

Still unreachable

The connection could not be restored.

Session expired

The server has moved on; the page needs a fresh start.